 Dungeon Crawl Stone Soup version 0.28-a0-32-g8dfe7f97f6 (webtiles) character file.

Game seed: 5953328075305816863

21996 Sin92 the Basher (level 12, 0/94 HPs)
             Began as a Demonspawn Fighter on July 27, 2021.
             Was the Champion of Okawaru.
             Slain by a white ugly thing (24 damage)
             ... on level 11 of the Dungeon on July 28, 2021.
             The game lasted 00:19:49 (11503 turns).

Sin92 the Basher (Demonspawn Fighter)              Turns: 11503, Time: 00:19:49

Health: 0/94       AC: 29    Str: 20    XL:     12   Next: 59%
Magic:  18/18      EV:  9    Int: 10    God:    Okawaru [******]
Gold:   666        SH: 13    Dex: 20    Spells: 11/11 levels left

rFire   . . .      SeeInvis .   f - +4 demon whip (freeze)
rCold   . . .      Faith    .   c - +1 kite shield
rNeg    . . .      Spirit   .   z - +3 plate armour
rPois   .          Reflect  .   K - +0 helmet
rElec   .          Harm     .   J - +0 cloak {Stlth+}
rCorr   .          Rampage  .   k - +0 pair of gloves
Will    .....                   (no boots)
Stlth   ..........              (no amulet)
HPRegen 0.25/turn               g - +6 ring of dexterity
MPRegen 0.16/turn               m - +4 ring of slaying

@: mighty, sanguine armoured
A: hooves 2, powered by pain 1, spiny 1, sanguine armour 2
a: Renounce Religion, Heroism, Finesse


You were on level 11 of the Dungeon.
You worshipped Okawaru.
Okawaru was exalted by your worship.
You visited 2 branches of the dungeon, and saw 12 of its levels.
You also visited: Sewer.

You collected 770 gold pieces.
You spent 104 gold pieces at shops.

Inventory:

Hand Weapons
 f - a +4 demon whip of freezing (weapon)
 r - a +1 spectral whip
 D - a +2 morningstar
Missiles
 E - 17 curare-tipped darts (quivered)
Armour
 c - a +1 kite shield (worn)
 d - a +0 cloak
 k - a +0 pair of gloves (worn)
 z - a +3 plate armour (worn)
 J - a +0 cloak of stealth (worn)
 K - a +0 helmet (worn)
Jewellery
 a - a +4 ring of evasion
 g - a +6 ring of dexterity (left hand)
 h - a ring of resist corrosion
 m - a +4 ring of slaying (right hand)
 w - a ring of poison resistance
 B - a ring of protection from cold
Wands
 l - a wand of mindburst (13)
 G - a wand of polymorph (13)
 I - a wand of iceblast (11)
Scrolls
 b - a scroll of fog
 i - a scroll of identify
 j - 3 scrolls of enchant weapon
 q - a scroll of torment {unknown}
 s - 6 scrolls of teleportation
 y - a scroll of magic mapping
 C - 2 scrolls of blinking
 H - a scroll of fear
 L - a scroll of enchant armour
Potions
 e - a potion of haste {unknown}
 n - a potion of cancellation {unknown}
 o - 2 potions of lignification {unknown}
 p - 4 potions of flight
 t - a potion of ambrosia {unknown}
 u - a potion of brilliance
 v - a potion of heal wounds
 x - 6 potions of curing
 A - a potion of mutation


   Skills:
 + Level 8.9 Fighting
 * Level 13.3 Maces & Flails
 + Level 8.2 Armour
 + Level 7.5 Dodging
 + Level 8.2 Shields
 + Level 8.6 Invocations


You had 11 spell levels left.
You didn't know any spells.
Your spell library contained the following spells:

 Spells                   Type           Power      Damage    Failure   Level
 Apportation              Tloc           0%         N/A       100%        1
 Corona                   Hex            0%         N/A       100%        1
 Pain                     Necr           0%         1d4       100%        1
 Summon Small Mammal      Summ           0%         N/A       100%        1
 Corpse Rot               Necr/Air       N/A        N/A       100%        2
 Ensorcelled Hibernation  Hex/Ice        0%         N/A       100%        2
 Poisonous Vapours        Pois/Air       0%         N/A       100%        2
 Static Discharge         Conj/Air       0%         N/A       100%        2
 Sublimation of Blood     Necr           0%         N/A       100%        2
 Call Canine Familiar     Summ           0%         N/A       100%        3
 Dazzling Flash           Conj/Hex       0%         N/A       100%        3
 Frozen Ramparts          Ice            0%         1d2       100%        3
 Gell's Gravitas          Tloc           0%         N/A       100%        3
 Lesser Beckoning         Tloc           0%         N/A       100%        3
 Ozocubu's Armour         Ice            0%         N/A       100%        3
 Summon Guardian Golem    Hex/Summ       0%         N/A       100%        3
 Teleport Other           Tloc           0%         N/A       100%        3
 Tukima's Dance           Hex            0%         N/A       100%        3
 Animate Dead             Necr           0%         N/A       100%        4
 Ice Form                 Ice/Tmut       0%         N/A       100%        4
 Iskenderun's Mystic Bla  Conj/Tloc      0%         2d3       100%        4
 Petrify                  Tmut/Erth      0%         N/A       100%        4
 Summon Ice Beast         Ice/Summ       0%         N/A       100%        4
 Agony                    Necr           0%         N/A       100%        5
 Alistair's Intoxication  Tmut/Pois      0%         N/A       100%        5
 Excruciating Wounds      Necr           0%         N/A       100%        5
 Freezing Cloud           Conj/Ice/Air   0%         6-21      100%        5
 Irradiate                Conj/Tmut      0%         3d14      100%        5
 Lightning Bolt           Conj/Air       0%         1d11      100%        5
 Metabolic Englaciation   Hex/Ice        0%         N/A       100%        5
 Invisibility             Hex            0%         N/A       100%        6
 Simulacrum               Ice/Necr       0%         N/A       100%        6
 Starburst                Conj/Fire      0%         8x6d3     100%        6
 Haunt                    Necr/Summ      0%         N/A       100%        7
 Infestation              Necr           0%         N/A       100%        8
 Maxwell's Capacitive Co  Air            0%         ∞         100%        8


Dungeon Overview and Level Annotations

Branches:
Dungeon (11/15)            Temple (1/1) D:6            Lair (0/6) D:10
    Orc (0/2) D:9           Sewer (visited)

Altars:
Ashenzari
Cheibriados
Dithmenos
Elyvilon
Fedhas
Gozag
Hepliaklqana
Kikubaaqudgha
Makhleb
Nemelex Xobeh
Okawaru
Qazlal
Ru
Sif Muna
Trog
Vehumet
Wu Jian
Xom
Yredelemnul
Zin
The Shining One

Shops:
D:2 *

Annotations:
D:10 4 runed translucent doors


Innate Abilities, Weirdness & Mutations

You have hoof-like feet.
You sometimes gain a little power by taking damage.
You are partially covered in sharp spines.
When seriously injured, your bleeding wounds create thick armour. (AC +9)


Message History

You closely miss the tengu warrior. You kick the tengu warrior.
The tengu warrior is heavily wounded.
The tengu warrior hits you with a +0 bardiche!
* * * LOW HITPOINT WARNING * * *
The tengu warrior pecks you but does no damage.
The tengu warrior claws you but does no damage.
You completely miss the tengu warrior. You kick the tengu warrior.
The tengu warrior is heavily wounded.
You hit the tengu warrior. You freeze the tengu warrior.
You kick the tengu warrior!
The tengu warrior is almost dead.
You block the tengu warrior's attack. x2; The tengu warrior closely misses you.
You barely miss the tengu warrior. You kick the tengu warrior.
The tengu warrior is almost dead.
The green ugly thing basks in the mutagenic energy from its kin and changes!
The tengu warrior hits you but does no damage.
The tengu warrior pecks you but does no damage.
The tengu warrior claws you but does no damage.
You completely miss the tengu warrior. Your kick misses the tengu warrior.
The tengu warrior is almost dead.
You barely miss the tengu warrior. Your kick misses the tengu warrior.
The tengu warrior is almost dead.
You block the tengu warrior's attack. x3
You thrash the tengu warrior!! You freeze the tengu warrior.
You kill the tengu warrior!
Okawaru accepts your kill.
You whack the slime creature! You freeze the slime creature!
You kick the slime creature!
The slime creature is severely wounded.
You thrash the slime creature!! You freeze the slime creature!
You kill the slime creature!
Okawaru accepts your kill.
You thrash the white ugly thing!! You freeze the white ugly thing.
The white ugly thing is moderately wounded.
You whack the white ugly thing! You kick the white ugly thing!
The white ugly thing is severely wounded.
The white ugly thing stings you.
* * * LOW HITPOINT WARNING * * *
The white ugly thing freezes you!!
You die...

#.....##.#).##...##..#..#
#....
.(.)...[.....).#.....#.##
#....
#.....##.#..##...##..#.#
#.... #.....#..#.##.#.#.#
#.# ###....
.##.##..####[##)##(###.#
#...... ..#.#..##
###...####..# #.#.###
#.()..## #.....##..##
#.#.### ###)###
###.###..#### #.#....
#..)).## #.)#@.##....#
#.##### ..⌠.⌠..##
#.†#u#..##...# #.#
........###..##l##..##..#
#.# ## .........#..# .u.
#..#..# #.####>
.._._....#.# .|Q.. #.#..#
#...##. .[.#.....##
...Q... ##..# ###.##.
.._._....# ##.:[).## #..#
#))). .........# ##...##
#..# #.)). ....(...###
##..# #####)


You could see 2 ugly things, a basilisk and 2 tengu conjurers.

Vanquished Creatures
  Erolcha (D:9)
  2 hydras (D:11)
  2 boulder beetles (D:11)
  2 centaur warriors (D:11)
  3 two-headed ogres (D:11)
  A tengu warrior (D:11)
  Urug (D:11)
  An orc knight (D:11)
  2 cyclopes (D:11)
  2 manticores (D:11)
  Maurice (D:11)
  A gargoyle (D:11)
  A kobold demonologist (D:11)
  2 unseen horrors (D:11)
  2 trolls (D:10)
  A hornet (D:9)
  A slime creature (D:11)
  Sigmund (D:2)
  A wyvern (D:11)
  18 yaks
  7 vampire mosquitoes
  2 steam dragons (D:7)
  2 wargs (D:10)
  An acid dragon (D:11)
  A water moccasin (Sewer)
  7 orc warriors
  A hornet zombie (D:8)
  A swamp drake (D:9)
  A sky beast (D:7)
  An ice beast (D:6)
  A necrophage (D:6)
  3 ogres (D:4)
  5 centaurs
  2 phantoms
  20 kobold brigands
  A gnoll sergeant (D:8)
  3 scorpions
  A wyvern skeleton (D:7)
  2 water moccasin skeletons
  5 killer bees (D:7)
  9 wights (D:8)
  A bullfrog zombie (D:7)
  3 centaur zombies
  A bullfrog skeleton (D:7)
  3 hounds
  A jelly (D:4)
  3 centaur skeletons
  5 orc priests
  Crazy Yiuf (D:2)
  4 iguanas
  A scorpion zombie (D:5)
  10 orc wizards
  A killer bee zombie (D:8)
  A hound skeleton (D:4)
  2 howler monkey zombies (D:5)
  3 gnolls (D:8)
  4 adders
  2 white imps
  An ufetubus (D:5)
  4 adder skeletons
  A worm (D:2)
  2 dart slugs
  35 orcs
  5 endoplasms (D:2)
  4 giant cockroaches
  6 hobgoblins
  2 jackals (Sewer)
  17 kobolds
  6 quokkas
  6 ball pythons
  6 bats
  4 frilled lizards
  4 goblins
  7 rats
278 creatures vanquished.

Vanquished Creatures (others)
  A kobold (D:9)
  A fungus (D:3)
  2 plants
4 creatures vanquished.

Grand Total: 282 creatures vanquished

Notes
Turn   | Place    | Note
-------+----------+-------------------------------------------
     0 | D:1      | Sin92 the Demonspawn Fighter began the quest for the Orb.
     0 | D:1      | Reached XP level 1. HP: 18/18 MP: 1/1
   162 | D:1      | Reached skill level 2 in Maces & Flails
   190 | D:1      | Gained mutation: When seriously injured, your bleeding
                  | wounds create armour. (AC +9) [demonic ancestry]
   190 | D:1      | Reached XP level 2. HP: 14/24 MP: 2/2
   925 | D:2      | Found Atirewn's Assorted Antiques.
  1103 | D:2      | Noticed Sigmund
  1118 | D:2      | Killed Sigmund
  1119 | D:2      | Reached skill level 3 in Maces & Flails
  1119 | D:2      | Reached skill level 1 in Dodging
  1119 | D:2      | Reached XP level 3. HP: 3/30 MP: 3/3
  1119 | D:2      | Gained mutation: You have large cloven feet. [demonic
                  | ancestry]
  1119 | D:2      | Reached XP level 4. HP: 3/37 MP: 4/4
  1119 | D:2      | Reached XP level 5. HP: 4/42 MP: 5/5
  1793 | D:2      | Identified a scroll of acquirement
  1793 | D:2      | Acquired a manual of Maces & Flails
  1898 | D:2      | Found a runed translucent door.
  1899 | D:2      | Noticed Crazy Yiuf
  2119 | D:2      | Killed Crazy Yiuf
  2232 | D:3      | Found a faded altar of an unknown god.
  2401 | D:3      | Found a stormy altar of Qazlal.
  2451 | D:3      | Found a glowing drain.
  2540 | Sewer    | Entered a sewer
  2620 | Sewer    | Noticed a water moccasin
  2631 | Sewer    | Killed a water moccasin
  2632 | Sewer    | Reached skill level 4 in Maces & Flails
  2632 | Sewer    | Gained mutation: You have hoof-like feet. [demonic
                  | ancestry]
  2632 | Sewer    | Reached XP level 6. HP: 29/48 MP: 6/6
  3097 | D:2      | Bought a runed whip for 104 gold pieces
  3394 | D:4      | Reached skill level 5 in Maces & Flails
  3394 | D:4      | Gained mutation: You sometimes gain a little power by
                  | taking damage. [demonic ancestry]
  3394 | D:4      | Reached XP level 7. HP: 54/54 MP: 7/7
  3873 | D:4      | Reached skill level 6 in Maces & Flails
  4185 | D:5      | Entered Level 5 of the Dungeon
  4494 | D:5      | Reached XP level 8. HP: 61/61 MP: 8/8
  4936 | D:5      | Reached skill level 5 in Fighting
  5072 | D:6      | Reached skill level 7 in Maces & Flails
  5732 | D:6      | Reached skill level 8 in Maces & Flails
  5801 | D:6      | Found a staircase to the Ecumenical Temple.
  5916 | Temple   | Entered the Ecumenical Temple
  6055 | Temple   | Became a worshipper of Warmaster Okawaru
  6104 | D:7      | Reached skill level 5 in Armour
  6104 | D:7      | Reached skill level 5 in Shields
  6166 | D:7      | Gained mutation: When seriously injured, your bleeding
                  | wounds create thick armour. (AC +9) [demonic ancestry]
  6166 | D:7      | Reached XP level 9. HP: 66/68 MP: 9/9
  6200 | D:7      | Reached * piety under Okawaru
  6388 | D:7      | Reached skill level 9 in Maces & Flails
  6483 | D:7      | Reached skill level 1 in Invocations
  7193 | D:8      | Reached ** piety under Okawaru
  7194 | D:8      | Reached skill level 10 in Maces & Flails
  7198 | D:8      | Reached skill level 5 in Dodging
  7211 | D:8      | Reached XP level 10. HP: 51/77 MP: 12/12
  7801 | D:9      | Noticed Erolcha
  7855 | D:9      | Killed Erolcha
  7855 | D:9      | Reached *** piety under Okawaru
  7856 | D:9      | Reached skill level 11 in Maces & Flails
  8230 | D:9      | Found a staircase to the Orcish Mines.
  8634 | D:9      | Reached **** piety under Okawaru
  8989 | D:10     | Entered Level 10 of the Dungeon
  9036 | D:10     | Reached skill level 5 in Invocations
  9642 | D:10     | Found a huge runed translucent gate.
  9642 | D:10     | Found a huge runed translucent gate.
  9642 | D:10     | Found a huge runed translucent gate.
  9642 | D:10     | Found a huge runed translucent gate.
  9642 | D:10     | Noticed a manticore
  9642 | D:10     | Noticed a manticore
  9645 | D:10     | Noticed a death yak
  9682 | D:10     | Found a staircase to the Lair.
  9709 | D:10     | Gained mutation: You are partially covered in sharp spines.
                  | [demonic ancestry]
  9709 | D:10     | Reached XP level 11. HP: 24/82 MP: 15/15
  9717 | D:10     | Reached ***** piety under Okawaru
  9718 | D:10     | Reached skill level 12 in Maces & Flails
 10072 | D:10     | Acquired a +4 demon whip of freezing
 10215 | D:11     | Received a gift from Okawaru
 10244 | D:11     | Noticed Urug
 10257 | D:11     | Killed Urug
 10283 | D:11     | Noticed a seven-headed hydra
 10286 | D:11     | Found an ancient bone altar of Kikubaaqudgha.
 10286 | D:11     | Found an ornate altar of the Wu Jian Council.
 10290 | D:11     | Killed a seven-headed hydra
 10291 | D:11     | Found a hazy altar of Hepliaklqana.
 10291 | D:11     | Found a shadowy altar of Dithmenos.
 10589 | D:11     | Noticed a centaur warrior
 10597 | D:11     | Killed a centaur warrior
 10597 | D:11     | Received a gift from Okawaru
 10925 | D:11     | Noticed Maurice
 10946 | D:11     | Killed Maurice
 11379 | D:11     | Noticed a two-headed ogre
 11379 | D:11     | Noticed a boulder beetle
 11380 | D:11     | Noticed a two-headed ogre
 11380 | D:11     | Noticed a two-headed ogre
 11391 | D:11     | Killed a two-headed ogre
 11393 | D:11     | Killed a two-headed ogre
 11393 | D:11     | Received a gift from Okawaru
 11394 | D:11     | Reached XP level 12. HP: 52/94 MP: 11/17
 11398 | D:11     | Killed a two-headed ogre
 11402 | D:11     | Reached skill level 13 in Maces & Flails
 11405 | D:11     | Killed a boulder beetle
 11431 | D:11     | Noticed a boulder beetle
 11438 | D:11     | Killed a boulder beetle
 11462 | D:11     | Noticed a centaur warrior
 11469 | D:11     | Noticed a four-headed hydra
 11470 | D:11     | Identified the +7 plate armour of Abstinence {rN+ Str+4
                  | Slay+4}
 11470 | D:11     | Noticed a rakshasa
 11470 | D:11     | Noticed a tengu warrior
 11476 | D:11     | Killed a four-headed hydra
 11480 | D:11     | Killed a centaur warrior
 11480 | D:11     | Reached ****** piety under Okawaru
 11480 | D:11     | Received a gift from Okawaru
 11499 | D:11     | Killed a tengu warrior
 11503 | D:11     | Slain by a white ugly thing

Illustrated notes

Levels and vault maps discovered:
D:1:      erik_arrival_triangle_small, layout_loops_ring
D:2:      layout_rooms, serial_shops, shop, uniq_sigmund,
          uniq_crazy_yiuf_cottage
D:3:      layout_basic, mainiacjoe_overflow_chevrons,
          shapermc_ecumenical_altar_mp_ritualfount, portal_sewer_entry_f
D:4:      layout_loops_ring, wad_floor_pattern_untrapped
D:5:      layout_basic, serial_rivers, chequers_serial_rivers_micro_a,
          chequers_serial_rivers_small_a, chequers_serial_rivers_room_b,
          chequers_serial_rivers_small_3, chequers_serial_rivers_large_b,
          chequers_mini_garden
D:6:      layout_cave_pods, minmay_temple_entry_stoned_glass
D:7:      cheibrodos_steamvent, layout_basic
D:8:      layout_basic, minmay_large_rounded_square
D:9:      layout_irregular_city, erik_orc_1, uniq_erolcha
D:10:     lemuel_bear_cage, layout_basic, erik_lair_orcish_takeover
D:11:     minmay_the_grid_octo_2x2 [minmay_the_grid_octo_shrine,
          minmay_the_grid_octo_horde, minmay_the_grid_octo_clover_2,
          minmay_the_grid_octo_prize_star], layout_loops_ring, special_room
          [special_room_kobold], uniq_urug, uniq_maurice
Temple:   minmay_crystal_snake_temple

Skill      XL: |  1  2  3  4  5  6  7  8  9 10 11 12 |
---------------+-------------------------------------+-----
Maces & Flails | 2 3 4 5 6 8 10 11 12 13 | 13.3
Armour         | 3 4 5 6 7 8 |  8.2
Dodging        | 1 2 3 4 5 6 7 |  7.5
Shields        | 3 4 5 6 7 8 |  8.2
Fighting       | 4 5 6 7 8 |  8.9
Invocations    | 3 5 7 8 |  8.6

Action                   |  1- 3 |  4- 6 |  7- 9 | 10-12 || total
-------------------------+-------+-------+-------+-------++-------
Melee: Flail             |    77 |    84 |       |       ||   161
       Whip              |       |    31 |   253 |   206 ||   490
       Kick              |       |     7 |   117 |   187 ||   311
       Demon whip        |       |       |       |   185 ||   185
Invok: Heroism           |       |       |       |     1 ||     1
       Finesse           |       |       |       |     1 ||     1
  Use: Potion            |     2 |       |       |     5 ||     7
       Scroll            |       |     7 |     7 |     9 ||    23
 Stab: Distracted        |       |       |     3 |     2 ||     5
       Invisible         |       |       |       |     6 ||     6
       Confused          |       |       |       |     1 ||     1
Armor: Scale mail        |    54 |    41 |    31 |       ||   126
       Plate armour      |       |       |    77 |   155 ||   232
Dodge: Dodged            |    37 |    31 |    47 |    71 ||   186
Block: Kite shield       |    62 |    59 |   136 |   210 ||   467

Table legend: (Time is in decaauts)
 A = Elapsed time spent in this place.
 B = Non-inter-level travel time spent in this place.
 C = Inter-level travel time spent in this place.
 D = Time resting spent in this place.
 E = Time spent auto-exploring this place.
 F = Levels seen in this place.
 G = Mean time per level.
                   A        B        C        D        E       F      G
               +--------+--------+--------+--------+--------+-----+--------+
         Total |  11471 |  11092 |    379 |    961 |   8491 |  13 |  882.4 |
       Dungeon |  11050 |  10681 |    369 |    961 |   8146 |  11 | 1004.5 |
        Temple |    150 |    140 |     10 |      0 |    137 |   1 |  150.0 |
         Sewer |    269 |    269 |      0 |      0 |    208 |   1 |  269.0 |
               +--------+--------+--------+--------+--------+-----+--------+

Top non-repeatable levels by time:
     D:2: 1426 daAuts
    D:11: 1220 daAuts
    D:10: 1184 daAuts
     D:9: 1183 daAuts
     D:4: 1055 daAuts
     D:8: 1047 daAuts
     D:1: 919 daAuts
     D:5: 912 daAuts
     D:6: 867 daAuts
     D:7: 620 daAuts
     D:3: 612 daAuts
   Sewer: 269 daAuts
  Temple: 150 daAuts
